 Dungeon Sprint DCSS version 0.30-a0-830-gfe289a77b0 (webtiles) character file.

Game seed: 11752288556488738242

2195 ytrimaz the Warrior (level 9, -11/115 HPs)
             Began as an Ogre Berserker on Feb 28, 2023.
             Was a High Priest of Trog.
             Mangled by a two-headed ogre
             ... wielding a +0 giant club
              (27 damage)
             ... in the Dungeon (Sprint IX: "|||||||||||||||||||||||||||||").
             The game lasted 00:01:18 (489 turns).

ytrimaz the Warrior (Ogre Berserker)                 Turns: 489, Time: 00:01:19

Health: -11/115    AC: 11    Str: 33    XL:     9   Next: 34%
Magic:  9/9        EV: 11    Int:  8    God:    Trog [*****.]
Gold:   0          SH:  0    Dex:  8    Spells: 8/8 levels left

rFire   . . .      SeeInvis .    k - +2 dire flail (protect)
rCold   . . .      Faith    .    (shield currently unavailable)
rNeg    . . .      Spirit   .    b - +0 animal skin
rPois   .          Reflect  .    (helmet restricted)
rElec   .          Harm     .    n - +0 cloak
rCorr   .          Rampage  .    (gloves unavailable)
Will    .....      NoTele   +    (boots unavailable)
Stlth   +                        (no amulet)
HPRegen 0.39/turn                l - +3 ring of strength
MPRegen 0.11/turn                m - +3 ring of strength

@: under a protective aura, on berserk cooldown, slowed, very slow
A: large, unfitting armour, tough skin 1
a: Renounce Religion, Berserk, Trog's Hand, Brothers in Arms


You were in the Dungeon.
You worshipped Trog.
Trog was extremely pleased with you.
You visited 1 branch


Innate Abilities, Weirdness & Mutations

You are too large for most types of armour.
You have tough skin. (AC +1)


   Skills:
 + Level 15.2 Fighting
 * Level 14.8 Maces & Flails
 + Level 6.5 Dodging


You had 8 spell levels left.
You didn't know any spells.
Your spell library was empty.

Inventory:

Hand Weapons
 a - a +0 mace
 k - a +2 dire flail of protection (weapon)
   (You found it in the Dungeon)
Armour
 b - a +0 animal skin (worn)
 n - a +0 cloak (worn)
   (You found it in the Dungeon)
Jewellery
 l - a +3 ring of strength (left hand)
   (You found it in the Dungeon)
 m - a +3 ring of strength (right hand)
   (You found it in the Dungeon)
Wands
 j - a wand of roots (10)
   (You found it in the Dungeon)
Scrolls
 h - 2 scrolls of blinking
Potions
 c - 5 potions of curing
 d - 2 potions of heal wounds
 f - 4 potions of magic
 g - a potion of berserk rage
 i - a potion of invisibility

Dungeon Overview and Level Annotations

Branches:
Dungeon (1/1) Zot: 27000

Altars:
Cheibriados
Dithmenos
Elyvilon
Fedhas
Gozag
Hepliaklqana
Kikubaaqudgha
Makhleb
Nemelex Xobeh
Okawaru
Qazlal
Ru
Sif Muna
Trog
Uskayaw
Vehumet
Wu Jian
Xom
Yredelemnul
Zin
The Shining One
Jiyva
Lugonu ▓▓▓▓▓▓▓▓▓▓▓▓▓▓▓▓▓▓▓▓▓▓▓▓▓▓▓▓▓▓ ______'.?)..[[..@O)B...'..COB. ▓▓▓▓▓▓▓▓▓▓▓▓▓▓▓▓▓▓▓▓▓▓▓▓▓▓▓▓▓▓

You could see a boulder beetle and a two-headed ogre.


Message History

You take 22 damage, and now have 67/105 hp.
MASSIVE DAMAGE!! (PAUSE)
A red film seems to cover your vision as you go berserk!
You feel yourself moving faster!
You feel mighty! The troll bites you. The troll claws you but does no damage.
The troll barely misses you. 😮 HP[+29]
You now have 157 max hp (+52).
You regained 29 hp, and now have 96/157 hp.
You barely miss the troll. The troll bites you! The troll claws you!
* * * LOW HITPOINT WARNING * * *
The troll barely misses you. 😨 HP[-19]
You take 19 damage, and now have 77/157 hp.
Unknown command.
You bludgeon the troll!!
Your weapon exudes an aura of protection. 😨 HP[+1]
You hit the troll.
Unknown command.
You barely miss the troll. The troll bites you but does no damage.
The troll claws you.
* * * LOW HITPOINT WARNING * * *
The troll claws you.
* * * LOW HITPOINT WARNING * * *
😨 HP[-10]
You take 10 damage, and now have 68/157 hp.
You closely miss the troll. You sock the troll!
You kill the troll!
Trog accepts your kill.
Your Maces & Flails skill increases to level 14! 😨 HP[+1]
You now have 159 max hp (+2).
Unknown command.
The efreet gestures at you. The bolt of fire misses you. 😨 HP[+1]
You hit the efreet but do no damage. You impale the efreet!!
The efreet gestures at you.
The fireball explodes!
The fireball engulfs you!
* * * LOW HITPOINT WARNING * * *
The fireball engulfs the efreet.
The efreet completely resists.
Unknown command. 😨 HP[-7]
You take 7 damage, and now have 63/159 hp.
You hit the efreet. You hit the efreet but do no damage.
You impale the efreet!!
You kill the efreet!
Trog accepts your kill.
You have reached level 9!
Your experience leads to an increase in your attributes!
Your base attributes are Str 24, Int 8, Dex 8.
Increase (S)trength, (I)ntelligence, or (D)exterity?
You feel stronger. x3 😨 HP[+5] MP[+1]
You now have 171 max hp (+12).
You regained 5 hp, and now have 68/171 hp.
Your mp is fully restored (9).
Unknown command.
There is an open door to the Dungeon, spattered with blood here.
You see here a +3 scimitar of flaming. 😨 HP[+1]
You impale the cyclops!! You puncture the cyclops! You impale the cyclops!!
You kill the cyclops!
Trog accepts your kill.
The boulder beetle leaps!
Your Fighting skill increases to level 15!
Your Dodging skill increases to level 6!
Unknown command. 😨 HP[+1]
You now have 172 max hp (+1).
You bludgeon the two-headed ogre!! You sock the two-headed ogre!
The two-headed ogre hits you with a +0 giant club!
* * * LOW HITPOINT WARNING * * *
The two-headed ogre hits you with a +0 giant club!!
* * * LOW HITPOINT WARNING * * *
😱 HP[-31]
You take 31 damage, and now have 39/172 hp.
You hit the two-headed ogre.
You are no longer berserk.
You are exhausted.
You feel yourself slow down. 😱 HP[-13]
You now have 115 max hp (-57).
You barely miss the two-headed ogre. You hit the two-headed ogre.
The two-headed ogre hits you with a +0 giant club!
* * * LOW HITPOINT WARNING * * *
The two-headed ogre hits you with a +0 giant club.
* * * LOW HITPOINT WARNING * * *
😱 HP[-10]
You take 10 damage, and now have 16/115 hp.
You puncture the two-headed ogre!
The two-headed ogre hits you with a +0 giant club!!
You die...

Skill      XL: |  1  2  3  4  5  6  7  8  9 |
---------------+----------------------------+-----
Maces & Flails | 3 6 7 10 11 13 14 | 14.8
Dodging        | 3 5 6 |  6.5
Fighting       | 5 7 8 11 14 15 | 15.2

Action                     |  1- 3 |  4- 6 |  7- 9 || total
---------------------------+-------+-------+-------++-------
  Melee: Mace              |    18 |     8 |       ||    26
         Dire flail        |       |    20 |    38 ||    58
 Invoke: Berserk           |     1 |     1 |     1 ||     3
    Use: Potion            |       |     2 |       ||     2
   Stab: Distracted        |     1 |       |       ||     1
 Armour: Animal skin       |     3 |     8 |     9 ||    20
  Dodge: Dodged            |     6 |    13 |     8 ||    27

Levels and vault maps discovered:
D:        linesprint [early_d, line_temple, items_1, d_10, items_2, lair_1,
          lair_end, items_3, orc_1, orc_end, items_4, d_15, swamp_1, shoals_1,
          snake_1, spider_1, d_20, vaults_1, items_5, swamp_end, shoals_end,
          snake_end, spider_end, vaults_end, d_27, items_6, zot_1, zot_end,
          crypt_end, forest_end, elf_end, slime_end, tomb_end, abyss_end,
          pan_hell_end]

Notes
Turn   | Place    | Note
-------+----------+-------------------------------------------
     0 | D        | ytrimaz the Ogre Berserker began the quest for the Orb.
     0 | D        | Reached XP level 1. HP: 24/24 MP: 1/1
     1 | D        | magus.rc [v1.9.6]
     7 | D        | Reached skill level 3 in Maces & Flails
     7 | D        | Reached skill level 3 in Dodging
     8 | D        | Reached ** piety under Trog
    17 | D        | Reached skill level 5 in Fighting
    23 | D        | Noticed a scorpion
    23 | D        | Noticed a hound
    25 | D        | Reached XP level 2. HP: 34/35 MP: 2/2
    29 | D        | Killed a scorpion
    29 | D        | Reached *** piety under Trog
    30 | D        | Reached skill level 7 in Fighting
    30 | D        | Reached skill level 6 in Maces & Flails
    30 | D        | Reached XP level 3. HP: 46/46 MP: 3/3
    30 | D        | Reached XP level 4. HP: 55/55 MP: 4/4
    38 | D        | Reached skill level 8 in Fighting
    38 | D        | Reached skill level 7 in Maces & Flails
    76 | D        | Found a snail-covered altar of Cheibriados.
    76 | D        | Found a shadowy altar of Dithmenos.
    76 | D        | Found a white marble altar of Elyvilon.
    76 | D        | Found a blossoming altar of Fedhas.
    76 | D        | Found an opulent altar of Gozag.
    77 | D        | Found a hazy altar of Hepliaklqana.
    78 | D        | Found a viscous altar of Jiyva.
   141 | D        | Found an ancient bone altar of Kikubaaqudgha.
   142 | D        | Found a corrupted altar of Lugonu.
   143 | D        | Found a burning altar of Makhleb.
   144 | D        | Found a sparkling altar of Nemelex Xobeh.
   145 | D        | Found an iron altar of Okawaru.
   146 | D        | Found a stormy altar of Qazlal.
   147 | D        | Found a sacrificial altar of Ru.
   148 | D        | Found a shimmering blue altar of Sif Muna.
   149 | D        | Found a bloodstained altar of Trog.
   150 | D        | Found a hide-covered altar of Uskayaw.
   151 | D        | Found a radiant altar of Vehumet.
   152 | D        | Found an ornate altar of the Wu Jian Council.
   153 | D        | Found a shimmering altar of Xom.
   154 | D        | Found a basalt altar of Yredelemnul.
   155 | D        | Found a glowing silver altar of Zin.
   156 | D        | Found a glowing golden altar of the Shining One.
   199 | D        | Noticed a kobold brigand
   199 | D        | Noticed a yak
   199 | D        | Noticed an orc warrior
   199 | D        | Noticed a hornet
   199 | D        | Noticed a yak
   214 | D        | Reached XP level 5. HP: 66/66 MP: 5/5
   216 | D        | Killed a kobold brigand
   216 | D        | Reached **** piety under Trog
   217 | D        | Reached skill level 9 in Fighting
   217 | D        | Reached skill level 9 in Maces & Flails
   222 | D        | Killed a yak
   223 | D        | Reached skill level 11 in Fighting
   223 | D        | Reached skill level 10 in Maces & Flails
   223 | D        | Reached XP level 6. HP: 80/80 MP: 6/6
   225 | D        | Killed an orc warrior
   226 | D        | Reached skill level 11 in Maces & Flails
   226 | D        | Reached XP level 7. HP: 89/89 MP: 7/7
   229 | D        | Paralysed by a hornet for 3 turns
   237 | D        | Killed a hornet
   238 | D        | Reached skill level 12 in Fighting
   238 | D        | Reached skill level 12 in Maces & Flails
   240 | D        | Killed a yak
   241 | D        | Reached skill level 13 in Fighting
   244 | D        | HP: 23/93 [poisoned by a hornet]
   448 | D        | Noticed a boulder beetle
   448 | D        | Noticed a polar bear
   448 | D        | Noticed an efreet
   448 | D        | Noticed a cyclops
   448 | D        | Noticed a two-headed ogre
   448 | D        | Noticed a boulder beetle
   451 | D        | a polar bear changed into a wind drake
   451 | D        | Noticed a wind drake (shapeshifter)
   455 | D        | a wind drake changed into a troll
   455 | D        | Noticed a troll (shapeshifter)
   456 | D        | Killed a boulder beetle
   456 | D        | Reached ***** piety under Trog
   457 | D        | Reached skill level 14 in Fighting
   457 | D        | Reached skill level 13 in Maces & Flails
   457 | D        | Reached skill level 5 in Dodging
   457 | D        | Reached XP level 8. HP: 86/105 MP: 8/8
   473 | D        | Killed a troll
   474 | D        | Reached skill level 14 in Maces & Flails
   479 | D        | Killed an efreet
   480 | D        | Reached XP level 9. HP: 68/114 MP: 9/9
   483 | D        | Killed a cyclops
   484 | D        | Reached skill level 15 in Fighting
   484 | D        | Reached skill level 6 in Dodging
   485 | D        | HP: 39/172 [two-headed ogre/+0 giant club (23)]
   488 | D        | HP: 17/115 [two-headed ogre/+0 giant club (10)]
   489 | D        | Mangled by a two-headed ogre

Vanquished Creatures
  A boulder beetle (D)
  A cyclops (D)
  An efreet (D)
  A troll (shapeshifter) (D)
  A hornet (D)
  2 yaks (D)
  An orc warrior (D)
  A kobold brigand (D)
  A scorpion (D)
  A killer bee (D)
  A hound (D)
  An adder (D)
  A dart slug (D)
  An orc (D)
  An endoplasm (D)
  A giant cockroach (D)
  A hobgoblin (D)
  A jackal (D)
  A rat (D)
20 creatures vanquished.

Table legend:
 A = Non-vault XP
 B = Vault XP
 C = Vault XP percentage of total XP
 D = Non-vault monster count
 E = Vault monster count
 F = Vault count percentage of total count
                 A         B        C        D         E       F
            +---------+---------+-------+---------+---------+-------
      Total |       0 |    3137 | 100.0 |       0 |      20 | 100.0
            +---------+---------+-------+---------+---------+-------
          D |       0 |    3137 | 100.0 |       0 |      20 | 100.0
            +---------+---------+-------+---------+---------+-------

Illustrated notes

Table legend:
 A = Kills in this place as a percentage of kills in the entire game.
 B = Kills by you in this place as a percentage of kills by you in the entire game.
 C = Kills by friends in this place as a percentage of kills by friends in the entire game.
 D = Other kills in this place as a percentage of other kills in the entire game.
 E = Experience gained in this place as a percentage of experience gained in the entire game.
 F = Experience gained in this place divided by the number of levels of this place that you have seen.
                   A       B       C       D       E      F
               +-------+-------+-------+-------+-------+----------------------
         Total | 100.0 | 100.0 |   N/A |   N/A | 100.0 | 3137.0
       Dungeon | 100.0 | 100.0 |   N/A |   N/A | 100.0 | 3137.0
               +-------+-------+-------+-------+-------+----------------------

Table legend: (Time is in decaauts)
 A = Elapsed time spent in this place.
 B = Non-inter-level travel time spent in this place.
 C = Inter-level travel time spent in this place.
 D = Time resting spent in this place.
 E = Time spent auto-exploring this place.
 F = Levels seen in this place.
 G = Mean time per level.
                   A        B        C        D        E       F      G
               +--------+--------+--------+--------+--------+-----+--------+
         Total |    482 |    482 |      0 |    312 |      4 |   1 |  482.0 |
       Dungeon |    482 |    482 |      0 |    312 |      4 |   1 |  482.0 |
               +--------+--------+--------+--------+--------+-----+--------+

Top non-repeatable levels by time:
       D: 482 daAuts
